 Dungeon Crawl Stone Soup version 0.21.1-1-g345015f (webtiles) character file.

1568 wojtek the Cleaver (level 8, -11/68 HPs)
             Began as a Minotaur Fighter on July 22, 2018.
             Mangled by an orc warrior
             ... wielding a +0 dire flail
              (17 damage)
             ... on level 5 of the Dungeon.
             The game lasted 00:05:06 (4056 turns).

wojtek the Cleaver (Minotaur Fighter)               Turns: 4056, Time: 00:05:06

Health: -11/68     AC:  9    Str: 23    XL:     8   Next: 59%
Magic:  9/9        EV:  7    Int:  5    God:
Gold:   210        SH: 10    Dex: 10    Spells: 7/7 levels left

rFire    . . .     SeeInvis .   a - +0 war axe
rCold    . . .     Gourm    .   c - +0 shield
rNeg     . . .     Faith    .   r - +0 chain mail
rPois    .         Spirit   .   (helmet restricted)
rElec    .         Reflect  .   (no cloak)
rCorr    .         Harm     .   (no gloves)
MR       .....                  (no boots)
Stlth    ..........             (no amulet)
HPRegen  0.21/turn              (no ring)
MPRegen  0.11/turn              (no ring)

@: no status effects
A: retaliatory headbutt, horns 2
a: no special abilities


You were on level 5 of the Dungeon.
You were not hungry.

You visited 1 branch of the dungeon, and saw 5 of its levels.

You collected 210 gold pieces.

Inventory:

Hand Weapons
 a - a +0 war axe (weapon)
Armour
 c - a +0 shield (worn)
 r - a +0 chain mail (worn)
Wands
 n - a wand of disintegration (5)
 p - a wand of clouds (4)
 v - a wand of flame (19)
Scrolls
 b - a scroll of enchant armour {unknown}
 h - a scroll of enchant weapon {unknown}
 j - 6 scrolls of teleportation {unknown}
 m - 2 scrolls of magic mapping {unknown}
 o - 10 scrolls of identify {unknown}
 q - a scroll of noise {unknown}
 s - a scroll of remove curse {unknown}
 t - a scroll of amnesia {unknown}
 w - a scroll of fear {unknown}
Potions
 d - a potion of might
 e - 4 potions of curing {unknown}
 g - a potion of brilliance {unknown}
 i - a potion of agility {unknown}
 k - a potion of ambrosia {unknown}
 l - 2 potions of lignification {unknown}
 x - 2 potions of degeneration {unknown}
Comestibles
 f - 9 rations
 u - 12 chunks of flesh


   Skills:
 + Level 5.2 Fighting
 * Level 9.2 Axes
 + Level 5.2 Armour
 + Level 3.2 Dodging
 + Level 5.3 Shields
 * Level 3.9 Evocations


You had 7 spell levels left.
You didn't know any spells.

Dungeon Overview and Level Annotations

Branches:
Dungeon (5/15)
 Temple: D:4-7

Altars:


Innate Abilities, Weirdness & Mutations

You reflexively headbutt those who attack you in melee.
You have a pair of horns on your head.


Message History

Press: ? - help, Shift-Dir - straight line, f/p - orc warrior
Aim: an orc warrior, wielding a dire flail and wearing a chain mail (heavily wounded)
The puff of flame hits the orc warrior.
The orc warrior is heavily wounded.
You block the orc warrior's attack.
Unknown command.
Evoke which item? (* to show all) (? for menu, Esc to quit)
Aiming: Throw Flame
Press: ? - help, Shift-Dir - straight line, f/p - orc warrior
Aim: an orc warrior, wielding a dire flail and wearing a chain mail (heavily wounded)
The puff of flame hits the orc warrior.
The orc warrior appears unharmed.
The orc warrior is heavily wounded.
Evoke which item? (* to show all) (? for menu, Esc to quit)
Aiming: Cloud Cone
Press: ? - help, Dir - move target cursor, f/p - orc warrior
Aim: an orc warrior, wielding a dire flail and wearing a chain mail (heavily wounded)
You create a blast of flame!
The orc warrior is engulfed in blazing flames.
The orc warrior hits you with a dire flail!
You die...

.. ... # #...
###...###########
......##........#
<..#.###.######.#
......##.# #.#
.........#
#.#########
......####
#.@ooo§....
...#.##
###########
.....# ...###
#.## #.# #.# #.#
..#


You could see an orc warrior and 2 orcs.

Vanquished Creatures
  The ghost of wojtek the Cleaver, an amateur MiFi (D:4)
  Sigmund (D:4)
  Eustachio (D:4)
  Menkaure (D:4)
  Edmund (D:3)
  A sky beast (D:2)
  A phantom (D:5)
  An ogre (D:4)
  Blork the orc (D:5)
  2 scorpions (D:5)
  A crimson imp (D:5)
  2 orc wizards (D:5)
  An orc priest (D:5)
  A centaur skeleton (D:4)
  A howler monkey skeleton (D:4)
  7 gnolls
  7 adders
  2 oozes
  A worm (D:2)
  3 dart slugs
  4 leopard geckos
  13 orcs
  A ball python (D:3)
  3 giant cockroaches
  6 goblins
  5 hobgoblins
  6 jackals (D:1)
  3 quokkas
  6 bats
  2 frilled lizards
  7 kobolds
  A quokka zombie (D:5)
  5 rats
99 creatures vanquished.

Notes
Turn   | Place    | Note
-------+----------+-------------------------------------------
     0 | D:1      | wojtek the Minotaur Fighter began the quest for the Orb.
     0 | D:1      | Reached XP level 1. HP: 19/19 MP: 0/0
    55 | D:1      | Reached skill level 3 in Axes
    58 | D:1      | Reached XP level 2. HP: 16/26 MP: 1/1
   444 | D:1      | Reached skill level 4 in Axes
   928 | D:1      | Reached XP level 3. HP: 31/31 MP: 2/2
  1159 | D:2      | Noticed a sky beast
  1386 | D:2      | Killed a sky beast
  1386 | D:2      | Reached skill level 6 in Axes
  1386 | D:2      | Reached XP level 4. HP: 24/39 MP: 3/3
  1814 | D:3      | Reached XP level 5. HP: 41/45 MP: 4/4
  2006 | D:3      | Reached skill level 7 in Axes
  2160 | D:3      | Found a faded altar of an unknown god.
  2507 | D:4      | Noticed an ogre
  2514 | D:4      | Killed an ogre
  2514 | D:4      | Reached XP level 6. HP: 50/52 MP: 5/5
  2521 | D:4      | Noticed wojtek's ghost (amateur MiFi)
  2548 | D:4      | Noticed Edmund
  2567 | D:3      | Killed Edmund
  2567 | D:3      | Reached skill level 1 in Dodging
  2567 | D:3      | Reached skill level 1 in Evocations
  2649 | D:4      | Killed wojtek's ghost
  2649 | D:4      | Reached skill level 8 in Axes
  2649 | D:4      | Reached XP level 7. HP: 55/59 MP: 7/7
  2709 | D:4      | Noticed Sigmund
  2721 | D:4      | Killed Sigmund
  2917 | D:4      | Noticed Menkaure
  2925 | D:4      | Killed Menkaure
  2960 | D:4      | Noticed Eustachio
  2986 | D:4      | Killed Eustachio
  2986 | D:4      | Reached XP level 8. HP: 27/67 MP: 9/9
  3269 | D:5      | Entered Level 5 of the Dungeon
  3519 | D:5      | Noticed Blork the orc
  3528 | D:5      | Killed Blork the orc
  3528 | D:5      | Reached skill level 5 in Armour
  3528 | D:5      | Reached skill level 5 in Shields
  3626 | D:5      | Reached skill level 5 in Fighting
  3626 | D:5      | Reached skill level 9 in Axes
  4056 | D:5      | Mangled by an orc warrior

Skill      XL: |  1  2  3  4  5  6  7  8 |
---------------+-------------------------+-----
Axes           | 3 4 6 7 8 9 |  9.2
Fighting       | 4 5 |  5.2
Dodging        | 1 2 3 |  3.2
Evocations     | 2 3 |  3.9
Armour         | 4 5 |  5.2
Shields        | 4 5 |  5.3

Action                   |  1- 3 |  4- 6 |  7- 9 || total
-------------------------+-------+-------+-------++-------
Melee: War axe           |    66 |    73 |   152 ||   291
       Headbutt          |    10 |    16 |    32 ||    58
Evoke: Wand              |       |     6 |     9 ||    15
  Eat: Chunk             |     1 |     5 |     4 ||    10
Armor: Scale mail        |    34 |    18 |       ||    52
       Chain mail        |       |       |    46 ||    46
Dodge: Dodged            |    19 |    17 |    35 ||    71
Block: Shield            |    32 |    27 |    68 ||   127
